 Dungeon Crawl Stone Soup version 0.29.1 (webtiles) character file.

Game seed: 7785986802398447257

156 Icepheonix32 the Covered (level 5, -2/47 HPs)
             Began as a Minotaur Fighter on Sept 13, 2022.
             Killed by nerve-wracking pain
             ... invoked by an orc priest
              (11 damage)
             ... on level 4 of the Dungeon.
             The game lasted 00:03:45 (2522 turns).

Icepheonix32 the Covered (Minotaur Fighter)         Turns: 2522, Time: 00:03:45

Health: -2/47      AC: 10    Str: 22    XL:     5   Next: 15%
Magic:  4/4        EV:  9    Int:  5    God:
Gold:   159        SH:  4    Dex: 10    Spells: 4/4 levels left

rFire   . . .      SeeInvis .   t - +3 dagger
rCold   + . .      Faith    .   c - +0 buckler
rNeg    . . .      Spirit   .   b - +0 scale mail
rPois   .          Reflect  .   (helmet restricted)
rElec   .          Harm     .   (no cloak)
rCorr   .          Rampage  .   x - +2 pair of gloves
Will    .....                   (no boots)
Stlth   ..........              (no amulet)
HPRegen 0.15/turn               (no ring)
MPRegen 0.09/turn               (no ring)

@: mighty
A: horns 2, retaliatory headbutt, cold resistance 1
a: no special abilities


You were on level 4 of the Dungeon.
You visited 1 branch of the dungeon, and saw 4 of its levels.

You collected 159 gold pieces.

Inventory:

Hand Weapons
 a - a +0 long sword
 t - a +3 dagger (weapon)
Missiles
 j - 10 poisoned darts
 k - 3 boomerangs (quivered)
 y - 2 boomerangs of dispersal
Armour
 b - a +0 scale mail (worn)
 c - a +0 buckler (worn)
 l - a +0 chain mail
 x - a +2 pair of gloves (worn)
Jewellery
 n - a ring of fire
Scrolls
 f - a scroll of amnesia {unknown}
 m - 2 scrolls of vulnerability
 o - 2 scrolls of fear {unknown}
 q - a scroll of noise {unknown}
 r - 3 scrolls of silence {unknown}
 u - a scroll of teleportation {unknown}
 v - a scroll of enchant weapon {unknown}
 w - a scroll of identify
Potions
 d - 2 potions of might
 e - 2 potions of curing {unknown}
 g - 2 potions of heal wounds {unknown}
 h - a potion of attraction
 i - a potion of magic {unknown}
 p - a potion of invisibility {unknown}
 s - a potion of flight {unknown}
 z - a potion of cancellation {unknown}


   Skills:
 * Level 4.6 Fighting
 + Level 0.2(2.0) Short Blades
 + Level 3.7(3.8) Long Blades
 + Level 0.2 Throwing
 * Level 5.2 Armour
 + Level 0.6 Dodging
 + Level 4.0 Shields


You had 4 spell levels left.
You didn't know any spells.
Your spell library contained the following spells:

 Spells                   Type           Power      Damage    Failure   Level
 Ignite Poison            Fire/Tmut/Pois 0%         N/A       99%         3
 Mephitic Cloud           Conj/Pois/Air  0%         N/A       99%         3
 Freezing Cloud           Conj/Ice/Air   0%         6-21      100%        5
 Chain Lightning          Conj/Air       0%         N/A       100%        9
 Fire Storm               Conj/Fire      0%         5d1       100%        9
 Shatter                  Erth           0%         3d5*      100%        9


Dungeon Overview and Level Annotations

Branches:
Dungeon (4/15)
 Temple: D:4-7

Altars:

Annotations:
D:4 3 runed translucent doors, writerjack's ghost, amateur MiBe


Innate Abilities, Weirdness & Mutations

You have a pair of horns on your head.
You reflexively headbutt those who attack you in melee.
Your flesh is cold resistant. (rC+)


Message History

You block the orc's attack. The orc barely misses you.
The kobold hits you but does no damage.
You are too injured to fight recklessly!
You are too injured to fight recklessly!
You are too injured to fight recklessly!
You are too injured to fight recklessly!
You are too injured to fight recklessly!
You are too injured to fight recklessly!
You puncture the orc!
You kill the orc!
The orc priest hits you from afar with a +0 trident.
The orc hits you but does no damage. The kobold hits you but does no damage.
You closely miss the kobold.
The orc priest hits you from afar with a +0 trident.
The orc hits you with a +0 dagger.
* * * LOW HITPOINT WARNING * * *
The kobold hits you but does no damage.
You puncture the kobold!
You kill the kobold!
The orc priest hits you but does no damage.
You block the orc's attack.
You puncture the hobgoblin!
You kill the hobgoblin!
The orc priest mumbles some strange prayers to Beogh against you.
Pain shoots through your body!
* * * LOW HITPOINT WARNING * * *
You block the orc's attack.
The orc priest hits you but does no damage.
The orc hits you but does no damage.
Things that are here:
a +0 dagger; a hobgoblin corpse; a kobold corpse Unknown command.
You closely miss the orc priest. The orc priest closely misses you.
The orc hits you with a +0 dagger.
* * * LOW HITPOINT WARNING * * *
You closely miss the orc priest. You headbutt the orc priest!
The orc priest is almost dead.
The orc priest invokes the aid of Beogh against you.
Pain shoots through your body!
You die...

##### ..... ..... ##
.... ##### ...
..#####...#.....
#######........#.....
#...oo)..............
#....@..............
.....####.##..........
. .>. #.##..?...### ..
. ...###......# ..
...........#+##..
....#.##..........
.#........?........
#.#.###.######......
#........[.###


You could see an orc priest and an orc.

Vanquished Creatures
  6 adders
  A dart slug (D:4)
  16 orcs
  5 endoplasms
  3 giant cockroaches
  5 goblins
  10 hobgoblins
  3 jackals (D:2)
  12 kobolds
  2 quokkas
  6 ball pythons
  5 bats
  2 frilled lizards
  3 rats
79 creatures vanquished.

Notes
Turn   | Place    | Note
-------+----------+-------------------------------------------
     0 | D:1      | Icepheonix32 the Minotaur Fighter began the quest for the
                  | Orb.
     0 | D:1      | Reached XP level 1. HP: 19/19 MP: 0/0
    91 | D:1      | Reached XP level 2. HP: 27/27 MP: 1/1
   250 | D:1      | Reached skill level 4 in Armour
   284 | D:1      | Found a faded altar of an unknown god.
   939 | D:2      | Reached XP level 3. HP: 29/33 MP: 2/2
  1398 | D:2      | Reached XP level 4. HP: 38/40 MP: 3/3
  1453 | D:2      | Gained mutation: Your flesh is cold resistant. (rC+)
                  | [potion of mutation]
  1976 | D:4      | Identified the +9 quarterstaff "Giantslayer" {spect, rPois
                  | Will- rCorr Str+4}
  1998 | D:4      | Found a runed translucent gate.
  1998 | D:4      | Found a runed translucent gate.
  1998 | D:4      | Found a runed translucent gate.
  1999 | D:4      | Noticed writerjack's ghost (amateur MiBe)
  1999 | D:4      | Noticed a kobold brigand
  2030 | D:4      | Reached skill level 5 in Armour
  2211 | D:4      | Reached XP level 5. HP: 13/47 MP: 4/4
  2522 | D:4      | Killed from afar by an orc priest

Illustrated notes

Levels and vault maps discovered:
D:1:      mrwooster_arrival_statue_3, layout_basic, basic_ecumenical_altar,
          minivault_23, chequers_serial_rivers_micro_b,
          chequers_serial_rivers_large_a
D:2:      layout_rooms, columned_hall_lemuel
D:3:      layout_rooms
D:4:      layout_basic, gammafunk_ghost_nasty_kobolds

Skill      XL: |  1  2  3  4 |
---------------+-------------+-----
Armour         | 4 5 |  5.2
Fighting       | 4 |  4.6
Long Blades    | 3 |  3.7
Shields        | 4 |  4.0
Short Blades   | |  0.2
Throwing       | |  0.2
Dodging        | |  0.6

Action                   |  1- 3 |  4- 6 || total
-------------------------+-------+-------++-------
Melee: Long sword        |    74 |       ||    74
       Headbutt          |    12 |    12 ||    24
       Dagger            |    13 |    99 ||   112
Throw: Boomerang         |       |    12 ||    12
  Use: Scroll            |       |     3 ||     3
       Potion            |       |     2 ||     2
Armor: Scale mail        |    47 |    73 ||   120
Dodge: Dodged            |    50 |    48 ||    98
Block: Buckler           |    22 |    28 ||    50
